Map: Orbital Shipyard

Players

SteveNick

  • Race: Zerg Zerg
  • League: Diamond

LilDicky - Winner!

  • Race: Terran Terran
  • League: Diamond

VOD

http://www.twitch.tv/tumescentpie

Description

Time

  • Played on: Dec. 10, 2015, 1:27 p.m.
  • Length: 18:40
Show
View Real Time Build Order
Export as new Build Order

SteveNick Zerg 

Build Orders: Hatch First 

Get SALT Encoding   

  12  0:00  Drone  
  13  0:10  Drone  
  14  0:17  Overlord  
  14  0:36  Drone x3  
  17  0:47  Drone  
  18  0:57  Hatchery  
  18  1:00  Drone  
  18  1:05  Extractor  
  18  1:10  Drone  
  18  1:17  Spawning Pool  
  17  1:20  Drone  
  18  1:34  Drone  
  19  1:49  Hatchery  
  19  1:51  Drone  
  19  1:55  Drone  
  20  2:05  Drone  
  21  2:12  Queen  
  23  2:16  Drone x2  
  25  2:28  Roach Warren  
  25  2:29  Drone  
  25  2:32  Zergling x2  
  25  2:35  Drone  
  27  2:39  Drone, Extractor  
  27  2:45  Drone  
  27  2:48  Overlord  
  28  3:00  Queen  
  30  3:08  Roach x2  
  34  3:13  Drone x2  
  34  3:14  Drone  
  34  3:18  Drone  
  34  3:19  Drone  
  39  3:22  Drone  
  39  3:24  Drone  
  41  3:28  Drone  
  42  3:36  Overlord  
  42  3:37  Overlord  
  42  3:56  Drone  
  42  3:57  Drone x8  
  51  4:04  Lair  
  51  4:17  Queen  
  51  4:18  Drone x4  
  51  4:20  Overlord  
  51  4:22  Drone  
  58  4:35  Overlord x2  
  58  4:40  Drone x4  
  58  4:44  Extractor  
  58  4:45  Extractor  
  60  4:49  Drone x6  
  60  4:51  Overlord x2  
  60  4:52  Overlord  
  66  5:07  Roach x4  
  73  5:30  Infestation Pit  
  69  5:47  Roach x8  
  69  5:48  Roach x7  
  97  5:52  Queen  
  99  6:02  Spire  
  92  6:18  Overlord x3  
  92  6:19  Overlord  
  88  6:41  Queen x3  
  94  6:52  Drone  
  94  6:53  Drone x8  
  103  7:01  Extractor  
  103  7:02  Extractor  
  101  7:11  Pathogen Glands  
  101  7:13  Mutalisk  
  101  7:14  Mutalisk x3  
  109  7:44  Roach  
  109  7:45  Roach x5  
  121  7:52  Hatchery  
  121  7:55  Ravager x2  
  121  7:57  Overlord x4  
  121  7:58  Overlord x4  
  122  8:10  Overlord x2  
  122  8:16  Overseer  
  122  8:19  Spore Crawler  
  119  8:23  Queen x2  
  119  8:24  Queen  
  123  8:28  Hatchery  
  122  8:35  Roach x4  
  122  8:36  Roach x5  
  137  8:54  Infestor x2  
  137  8:55  Infestor x2  
  145  9:04  Hive  
  145  9:05  Drone  
  145  9:06  Drone x7  
  145  9:08  Extractor x2  
  151  9:25  Infestor x2  
  151  9:26  Infestor x3  
  151  9:27  Drone x3  
  151  9:28  Drone x2  
  166  9:38  Queen  
  168  9:52  Roach x9  
  186  10:19  Extractor  
  186  10:20  Extractor  
  184  10:26  Drone x2  
  184  10:27  Ultralisk Cavern, Roach x6  
  184  10:28  Roach  
  199  10:40  Evolution Chamber x2  
  164  11:01  Roach x7  
  164  11:02  Roach x8  
  170  11:17  Ultralisk x4  
  170  11:18  Ultralisk  
  200  11:28  Glial Reconstitution  
  196  12:08  Chitinous Plating  
  196  12:10  Zerg Ground Armor Level 1  
  196  12:11  Zerg Missile Weapons Level 1  
  196  12:20  Drone  
  196  12:21  Drone x3  
  124  12:44  Hatchery  
  124  12:45  Ultralisk x6  
  125  12:54  Overseer  
  125  12:55  Overseer x3  
  125  12:56  Infestor  
  125  12:57  Infestor  
  119  13:15  Infestor  
  119  13:16  Infestor x3  
  119  13:17  Corruptor  
  119  13:18  Corruptor  
  118  13:34  Roach x2  
  118  13:35  Roach x6  
  130  13:46  Extractor  
  122  13:57  Corruptor x5  
  132  14:10  Drone x7  
  132  14:11  Drone  
  132  14:12  Drone  
  141  14:26  Drone  
  141  14:27  Drone x9  
  151  14:36  Ultralisk  
  157  15:01  Drone x3  
  157  15:04  Hatchery  
  159  15:18  Roach  
  159  15:19  Roach x3  
  159  15:20  Roach x13  
  193  15:28  Overlord x3  
  193  15:34  Hatchery  
  124  15:58  Roach  
  124  15:59  Roach x16  
  158  16:08  Roach  
  158  16:09  Roach x5  
  170  16:17  Extractor  
  154  16:28  Roach  
  154  16:29  Roach x11  
  148  16:38  Roach x2  
  148  16:39  Roach x4  
Show
View Real Time Build Order
Export as new Build Order

LilDicky Terran - Winner!

Build Orders: Command Center First (CC), Mech 

Get SALT Encoding   

  12  0:05  SCV  
  13  0:17  SCV  
  14  0:22  Supply Depot  
  14  0:31  SCV  
  15  0:44  SCV  
  16  0:57  Command Center  
  16  1:01  SCV  
  17  1:13  SCV  
  18  1:20  Barracks  
  19  1:25  SCV  
  19  1:28  Refinery  
  19  1:37  SCV  
  20  1:49  SCV  
  21  2:02  SCV  
  21  2:07  Marine  
  23  2:08  Supply Depot  
  23  2:09  Orbital Command  
  23  2:14  Orbital Command  
  23  2:17  Refinery  
  23  2:34  Marine  
  23  2:36  SCV, Factory  
  25  2:40  SCV  
  26  2:48  SCV  
  27  2:56  Barracks Reactor  
  27  2:57  SCV  
  27  2:58  Refinery  
  28  3:00  SCV  
  29  3:09  SCV  
  29  3:12  SCV  
  31  3:21  SCV  
  31  3:24  SCV  
  31  3:26  Armory, Starport  
  33  3:29  Factory Tech Lab  
  33  3:33  SCV  
  34  3:36  SCV  
  34  3:40  Marine  
  36  3:41  Marine  
  36  3:45  SCV  
  36  3:47  Supply Depot  
  38  3:48  SCV  
  39  3:58  Marine  
  39  3:59  Marine  
  41  4:08  Medivac  
  43  4:12  SCV  
  43  4:15  Thor  
  43  4:16  SCV, Marine  
  43  4:17  Marine  
  52  4:20  Supply Depot  
  53  4:26  SCV  
  53  4:28  Command Center  
  53  4:29  SCV  
  55  4:33  Liberator  
  55  4:34  Marine x2  
  57  4:39  SCV  
  57  4:41  SCV  
  57  4:45  Supply Depot  
  59  4:51  SCV, Marine  
  59  4:52  Marine  
  64  4:56  SCV  
  64  4:58  Siege Tank  
  69  5:03  SCV  
  70  5:09  SCV, Marine  
  70  5:10  Marine  
  73  5:20  SCV  
  73  5:21  Supply Depot  
  74  5:27  Marine  
  74  5:28  Terran Vehicle And Ship Armor Level 1, Marine  
  76  5:29  Supply Depot  
  76  5:40  Siege Tank  
  79  5:45  Marine  
  79  5:46  Marine  
  81  6:03  Marine  
  82  6:04  SCV  
  72  6:25  SCV x2  
  60  6:26  Orbital Command  
  60  6:27  Thor  
  60  6:28  Starport Tech Lab  
  60  6:32  Factory  
  66  6:33  Factory  
  66  6:34  Factory  
  64  6:48  Orbital Command  
  64  6:53  Banshee, Cloaking Field  
  67  6:54  SCV  
  65  7:10  Command Center  
  65  7:15  SCV x2  
  67  7:21  Refinery  
  67  7:27  SCV, Factory Tech Lab  
  67  7:28  Factory Reactor  
  67  7:29  Factory Tech Lab  
  68  7:36  Refinery  
  68  7:37  Refinery  
  68  7:38  Banshee  
  68  7:42  SCV  
  72  7:45  Thor  
  78  7:54  SCV x2  
  80  7:59  SCV  
  80  8:01  Armory  
  80  8:02  Terran Vehicle And Ship Armor Level 2  
  81  8:08  Engineering Bay  
  81  8:12  Supply Depot  
  81  8:33  Thor  
  87  8:35  Thor  
  87  8:40  Missile Turret  
  90  8:48  Planetary Fortress, Missile Turret  
  90  8:50  Hellion x3  
  90  8:51  SCV  
  90  8:54  Missile Turret  
  90  8:55  Hi-Sec Auto Tracking  
  97  8:57  Missile Turret  
  97  9:00  Missile Turret x2  
  97  9:02  Missile Turret  
  97  9:05  Missile Turret  
  97  9:07  Missile Turret  
  97  9:09  Missile Turret  
  97  9:10  Terran Vehicle Weapons Level 1  
  97  9:12  SCV x2, Hellion x3  
  97  9:16  Hellion  
  107  9:18  SCV, Missile Turret  
  107  9:19  Hellion  
  107  9:24  SCV x2  
  111  9:28  Factory  
  111  9:30  SCV, Factory  
  111  9:31  Barracks  
  113  9:32  Barracks  
  113  9:33  Hellion x3, Barracks  
  113  9:38  Missile Turret x2  
  119  9:39  Supply Depot  
  119  9:42  Missile Turret  
  119  9:43  Marine x2  
  121  9:46  Thor  
  121  9:52  Banshee  
  130  9:57  Supply Depot x2  
  130  9:59  Supply Depot x2  
  130  10:00  Thor  
  130  10:01  Marine x2  
  138  10:41  Command Center  
  138  10:42  Command Center x2, Thor x2  
  138  10:43  Hellion, Siege Tank  
  138  10:44  Factory Tech Lab x2  
  151  10:53  Missile Turret  
  151  10:55  Missile Turret  
  151  10:56  Missile Turret  
  90  11:13  Hellion x2, Siege Tank x2  
  90  11:15  Siege Tank  
  90  11:17  Marine x5  
  108  11:25  Thor, Siege Tank  
  108  11:26  Missile Turret  
  117  11:34  Marine  
  117  11:35  Hellion x2, Marine x3  
  117  11:36  Banshee  
  129  11:44  Thor  
  129  11:46  SCV  
  136  11:49  Barracks Tech Lab  
  136  11:50  SCV x2  
  136  11:52  Marine  
  136  11:53  Marine x3  
  141  11:57  Planetary Fortress  
  141  11:58  SCV  
  142  12:10  Marine  
  142  12:11  Marine x2  
  145  12:18  Missile Turret  
  99  12:54  Thor x2  
  99  12:57  Planetary Fortress  
  111  13:00  SCV x3  
  111  13:02  Thor x2  
  111  13:03  Hellion x2, Siege Tank  
  133  13:09  SCV  
  133  13:12  SCV x3  
  137  13:13  Marine  
  137  13:14  Marine x4  
  137  13:16  Refinery  
  137  13:17  Refinery  
  142  13:20  Missile Turret  
  142  13:21  SCV  
  142  13:24  Hellion  
  145  13:31  Marine  
  140  13:35  Siege Tank  
  140  13:37  Thor  
  140  13:40  SCV x2  
  124  13:57  Marine  
  124  13:58  Marine x2  
  124  14:00  Thor x3  
  142  14:07  Thor  
  148  14:12  Supply Depot  
  148  14:13  Supply Depot  
  148  14:15  Supply Depot  
  148  14:17  Supply Depot  
  148  14:23  Supply Depot  
  148  14:24  Supply Depot  
  148  14:26  Thor, Supply Depot  
  148  14:27  Banshee  
  157  14:43  Thor  
  165  14:46  Hellion x3  
  165  14:48  Terran Vehicle Weapons Level 2  
  165  14:50  Terran Vehicle And Ship Armor Level 3  
  169  14:58  Missile Turret  
  169  14:59  Missile Turret  
  169  15:07  Marine  
  169  15:08  Marine x4  
  147  15:53  Thor x2  
  147  15:54  Hellion x2, Siege Tank  
  160  16:01  Marine  
  160  16:02  Marine x3  
  160  16:03  Hellion  
  160  16:04  Hellion  
  168  16:09  Command Center  
  168  16:24  Thor x2  
  162  16:47  Thor x2  
  162  16:48  Hellion x3  
  162  17:08  Hellion  
  162  18:24  Missile Turret  
  162  18:25  Missile Turret x2  
  162  18:26  Missile Turret  
Tags
 
Add a new tag
Caveats
  • Supply blocks, unpowered buildings, or Contaminate may cause inaccurate times.
  • Supply counts are checked every 10 seconds.